 Dungeon Crawl Stone Soup version 0.20-a0-1006-ge6c5631 (webtiles) character file.

132 Ordine the Slasher (level 5, -1/32 HPs)
             Began as a Tengu Fighter on Apr 13, 2017.
             Slain by Ordine's ghost (2 damage)
             ... on level 3 of the Dungeon.
             The game lasted 00:04:05 (1678 turns).

Ordine the Slasher (Tengu Fighter)                  Turns: 1678, Time: 00:04:05

Health: -1/32      AC:  6    Str: 17    XL:     5   Next: 15%
Magic:  6/6        EV:  4    Int:  8    God:
Gold:   131        SH:  0    Dex: 14    Spells: 4/4 levels left

rFire    . . .     SeeInvis .   a - +0 long sword
rCold    . . .     Gourm    .   c - +0 shield
rNeg     . . .     Faith    .   b - +0 scale mail
rPois    .         Spirit   .   (helmet restricted)
rElec    .         Reflect  .   (no cloak)
rCorr    .         Harm     +   (no gloves)
MR       .....                  (boots unavailable)
Stlth    ..........             e - amulet of harm
Regen    0.1/turn               (no ring)
MPRegen  0.1/turn               (no ring)

@: held
A: beak, talons 3, able to fly 1
a: Fly


You were on level 3 of the Dungeon.
You were not hungry.

You visited 1 branch of the dungeon, and saw 3 of its levels.

You collected 131 gold pieces.

Inventory:

Hand Weapons
 a - a +0 long sword (weapon)
Armour
 b - a +0 scale mail (worn)
 c - a +0 shield (worn)
Jewellery
 e - an amulet of harm (around neck)
Wands
 l - a wand of lightning (8/15)
Scrolls
 d - 2 scrolls of remove curse
 g - 3 scrolls of recharging
 j - a scroll of identify
 k - 2 scrolls of teleportation
Potions
 m - a potion of might
Comestibles
 f - 3 bread rations
 h - 3 meat rations
 i - a chunk of flesh


   Skills:
 - Level 3.0 Fighting
 + Level 5.7 Long Blades
 - Level 3.2 Armour
 - Level 3.0 Shields


You had 4 spell levels left.
You didn't know any spells.

Dungeon Overview and Level Annotations

Branches:
Dungeon (3/15)

Altars:

Annotations:
D:3 Ordine's ghost, amateur TeFi


Innate Abilities, Weirdness & Mutations

You have a beak for a mouth.
You have claws for feet.
You can fly.


Message History

The gnoll hits you from afar with a spear.
The gnoll hits you.
You struggle against the net.
The gnoll barely misses you. Ordine's ghost stares at you.
You struggle against the net.
The gnoll hits you. The gnoll hits you but does no damage.
The gnoll hits you with a club!
You rip the net and break free!
The gnoll hits you but does no damage. You block the gnoll's attack.
The gnoll hits you with a club.
* * * LOW HITPOINT WARNING * * *
The gnoll barely misses you.
You riposte.
You closely miss the gnoll. You claw the gnoll, but do no damage.
The gnoll throws a throwing net.
The throwing net hits you.
You become entangled in the net!
You see here a throwing net.
You tear a large gash into the net.
The gnoll hits you with a club.
* * * LOW HITPOINT WARNING * * *
You struggle against the net.
The gnoll hits you with a club.
* * * LOW HITPOINT WARNING * * *
Ordine's ghost hits you.
You die...

#...# #####.#...# #...#
##..........
#...######...l..#....
#...#...##..###......
#####........#l.....##.#.
..............g..##.##.#.
..>........gg.......##...
...............#.##.####.
###.#...@g...###.# .# #.
# #...#W..## .# >... #
#...#.### .# #####
#.#...#.# #.#...#.#
#.......# ### ####...###
#...###......†.#
#<........#.#).## #####


You could see Ordine's ghost, 4 gnolls and a frilled lizard.

Vanquished Creatures
  Terence (D:2)
  An orc wizard (D:3)
  3 oozes
  2 worms (D:3)
  2 dart slugs
  4 leopard geckos
  4 orcs (D:3)
  7 bats
  3 giant cockroaches
  4 goblins
  6 hobgoblins
  3 frilled lizards
  5 kobolds
  8 rats
53 creatures vanquished.

Notes
Turn   | Place    | Note
-------+----------+-------------------------------------------
     0 | D:1      | Ordine the Tengu Fighter began the quest for the Orb.
     0 | D:1      | Reached XP level 1. HP: 14/14 MP: 2/2
   169 | D:1      | Reached XP level 2. HP: 17/19 MP: 3/3
   203 | D:1      | Reached skill level 3 in Long Blades
   536 | D:2      | Reached XP level 3. HP: 23/23 MP: 4/4
   552 | D:2      | Reached skill level 4 in Long Blades
   911 | D:2      | Noticed Terence
   919 | D:2      | Killed Terence
   919 | D:2      | Reached XP level 4. HP: 27/28 MP: 5/5
  1178 | D:3      | Found a faded altar of an unknown god.
  1203 | D:3      | Reached skill level 5 in Long Blades
  1222 | D:3      | Gained mutation: You can fly. [Tengu growth]
  1222 | D:3      | Reached XP level 5. HP: 9/32 MP: 6/6
  1355 | D:3      | Noticed Ordine's ghost (amateur TeFi)
  1678 | D:3      | HP: 1/32 [gnoll/club (6)]
  1678 | D:3      | Slain by Ordine's ghost

Vault maps used:
D:1:      dpeg_arrival_stone_temple_mockup, hangedman_decor_riveting,
          minmay_crystal_room
D:2:      first_bread, uniq_terence
D:3:      chequers_ecumenical_altar_simple, uniq_natasha

Skill      XL: |  1  2  3  4 |
---------------+-------------+-----
Long Blades    | 3 4 5 |  5.7
Fighting       | |  3.0
Armour         | |  3.2
Shields        | |  3.0

Action                   |  1- 3 |  4- 6 || total
-------------------------+-------+-------++-------
Melee: Long sword        |    77 |    43 ||   120
       Kick              |    18 |    15 ||    33
       Peck              |    10 |    10 ||    20
  Use: Scroll            |     7 |       ||     7
       Potion            |     1 |     1 ||     2
  Eat: Chunk             |       |     3 ||     3
Armor: Scale mail        |    42 |    16 ||    58
Dodge: Dodged            |    22 |    12 ||    34
Block: Shield            |    39 |    14 ||    53
       Rpst.: Long sword |     5 |     7 ||    12
